 Dungeon Crawl Stone Soup version 0.31-a0-361-g0f8bd3a31e (webtiles) character file.

Game seed: 15066985509241302646

1504 CrazyBamboolord the Mimic (level 8, -2/54 HPs)
             Began as a White Draconian Shapeshifter on July 27, 2023.
             Was a Follower of Hepliaklqana.
             Slain by a lemure (19 damage)
             ... led by Pikel
             ... on level 7 of the Dungeon.
             The game lasted 00:06:17 (6200 turns).

CrazyBamboolord the Mimic (DrSh)                    Turns: 6200, Time: 00:06:17

Health: -2/54      AC:  6    Str: 26    XL:     8   Next: 52%
Magic:  8/8        EV:  2    Int:  8    God:    Hepliaklqana [*.....]
Gold:   360        SH:  0    Dex: 12    Spells: 7/7 levels left

rFire   . .          .
                       - Unarmed
rCold   + . .        (no shield)
rNeg    . . .        (body armour unavailable)
rPois   .            (helmet currently unavailable)
rElec   .            (cloak currently unavailable)
rCorr   .            (gloves currently unavailable)
SInv    .            (boots currently unavailable)
Will    .....        (no amulet) Stlth
                     r - ring of wizardry
HPRegen 0.29/turn    e - +6 ring of strength
MPRegen 0.11/turn

%: wizardry (x1)
@: beast-form, silenced, sleeping, weak-willed
A: beast (slay +6), reduced essence, breathe frost, AC +6, unfitting armour,
cold resistance 1, cold-blooded
a: Breathe Frost, Begin Untransformation, Renounce Religion


You were on level 7 of the Dungeon.
You worshipped Hepliaklqana.
Hepliaklqana was aware of your devotion.
You were a hulking beast.
You visited 2 branches of the dungeon, and saw 8 of its levels.

You collected 360 gold pieces.

Inventory:

Armour
 k - a +0 cloak
 m - a +0 hat
 s - a +0 helmet
Jewellery
 e - a +6 ring of strength (right hand)
 r - a ring of wizardry (left hand)
Talismans
 b - a beast talisman
Wands
 p - a wand of mindburst (33)
Scrolls
 h - a scroll of immolation
 n - a scroll of summoning
 o - a scroll of teleportation
Potions
 a - a potion of lignification
 c - a potion of degeneration {unknown}
 d - a potion of haste {unknown}
 f - a potion of magic {unknown}
 j - 2 potions of curing {unknown}
 l - a potion of heal wounds


   Skills:
 * Level 1.6 Fighting
 * Level 2.3 Dodging
 * Level 4.1 Unarmed Combat
 * Level 1.1 Invocations
 - Level 9.0 Shapeshifting


You had 7 spell levels left.
You didn't know any spells.
Your spell library contained the following spells:

 Spells                   Type           Power      Damage    Failure   Level
 Sublimation of Blood     Necr           0%         N/A       26%         2
 Wereblood                Tmut           0%         N/A       26%         2
 Hailstorm                Conj/Ice       0%         3d3       45%         3
 Summon Ice Beast         Ice/Summ       0%         N/A       83%         4
 Simulacrum               Ice/Necr       0%         N/A       100%        6
 Summon Hydra             Summ           0%         N/A       100%        7


Dungeon Overview and Level Annotations

Branches:
Dungeon (7/15)             Temple (1/1) D:5

Altars:
Ashenzari
Cheibriados
Gozag
Hepliaklqana
Kikubaaqudgha
Makhleb
Nemelex Xobeh
Qazlal
Ru
Sif Muna
Trog
Uskayaw
Vehumet
Wu Jian
Xom
Yredelemnul
Zin
The Shining One

Annotations:
D:6 5 runed translucent doors


Innate Abilities, Weirdness & Mutations

You are a hulking beast.
Your limbs bulge with bestial killing power. (Slay +6)
Your life essence is reduced to manifest your ancestor. (-10% HP)
You can breathe waves of freezing cold which knock back foes.
Your icy white scales are hard. (AC +6)
You cannot fit into any form of body armour.
Your flesh is cold resistant. (rC+)
You are cold-blooded and may be slowed by cold attacks.


Message History

You open the door.
A bullfrog comes into view.
The bullfrog hits you but does no damage.
The sleepcap releases spores at you. The lemure hits you.
You closely miss the bullfrog. The bullfrog hits you.
The sleepcap barely misses you. The lemure hits you but does no damage.
The gnoll bouda barely misses you.
You miss the bullfrog. The bullfrog closely misses you.
The bullfrog barely misses you.
You closely miss the bullfrog.
Your tail-slap misses the bullfrog.
The gnoll bouda closely misses you. The sleepcap releases spores at you.
The lemure hits you. The bullfrog closely misses you.
You hit the bullfrog but do no damage. The bullfrog hits you.
The gnoll bouda closely misses you. The lemure misses you.
The sleepcap releases spores at you but does no damage.
The lemure barely misses you. The bullfrog barely misses you.
You closely miss the bullfrog. The gnoll bouda barely misses you.
The lemure closely misses you. The sleepcap barely misses you.
The lemure hits you but does no damage. The lemure barely misses you.
The bullfrog hits you but does no damage.
You punch the bullfrog!
The bullfrog is moderately wounded.
The bullfrog misses you. The lemure hits you.
The sky beast flickers out of sight!
Deactivating autopickup; reactivate with Ctrl-A.
The gnoll bouda hits you with a +0 club.
The sleepcap barely misses you. The lemure hits you!
* * * LOW HITPOINT WARNING * * *
The lemure hits you!
* * * LOW HITPOINT WARNING * * *
You feel much better.
Your attacks no longer feel as feeble.
The bullfrog hits you but does no damage.
The lemure hits you but does no damage.
The gnoll bouda hits you but does no damage.
The sleepcap releases spores at you.
You are engulfed in a cloud of soporific spores!
You fall asleep.
The lemure hits you!!
You die... #######+# #...?.... #........ #.$...... #......♣. ### #........ #...#55...... #.FhfF♣

#...##5g....(.
... #z.......
. #......♣.
#........
#........
#........
#######+#


You could see 3 lemures, a sleepcap (inner flame, weak-willed), 2 bullfrogs, a
gnoll bouda (weak-willed) and a wight (weak-willed).

Vanquished Creatures
  Grinder (D:5)
  2 ice beasts (D:6)
  An orc warrior (D:5)
  An ogre (D:4)
  2 phantoms
  A scorpion (D:5)
  6 hounds
  5 orc priests
  Ijyb (D:5)
  An iguana (D:6)
  6 orc wizards
  4 adders
  A shadow imp (D:6)
  An ufetubus (D:5)
  2 dart slugs (D:1)
  25 orcs
  3 bats (D:1)
  8 endoplasms
  2 giant cockroaches
  2 goblins
  4 hobgoblins
  7 jackals
  6 quokkas
  7 ball pythons
  3 frilled lizards
  6 kobolds
  5 rats
113 creatures vanquished.

Vanquished Creatures (collateral kills)
  An iguana (D:6)
  An adder (D:6)
2 creatures vanquished.

Grand Total: 115 creatures vanquished

Notes
Turn   | Place    | Note
-------+----------+-------------------------------------------
     0 | D:1      | CrazyBamboolord the Draconian Shapeshifter began the quest
                  | for the Orb.
     0 | D:1      | Reached XP level 1. HP: 16/16 MP: 1/1
    81 | D:1      | Reached XP level 2. HP: 23/23 MP: 2/2
   822 | D:2      | Reached XP level 3. HP: 24/28 MP: 3/3
   879 | D:2      | Found a stormy altar of Qazlal.
   960 | D:2      | Reached skill level 4 in Shapeshifting
   972 | D:2      | Identified the +9 trident of Impatience {drain, Str+2
                  | Dex+2}
  1613 | D:3      | Found an ornate altar of the Wu Jian Council.
  1723 | D:3      | Reached XP level 4. HP: 22/35 MP: 4/4
  2291 | D:4      | Found a radiant altar of Vehumet.
  2310 | D:4      | Reached skill level 5 in Shapeshifting
  2452 | D:4      | Reached XP level 5. HP: 39/40 MP: 5/5
  2503 | D:4      | Noticed a phantom
  2519 | D:4      | Killed a phantom
  2606 | D:4      | Reached XP level 6. HP: 46/47 MP: 6/6
  2609 | D:4      | Reached skill level 6 in Shapeshifting
  3507 | D:4      | Found a shimmering altar of Xom.
  3507 | D:4      | Found a snail-covered altar of Cheibriados.
  3528 | D:4      | Found a burning altar of Makhleb.
  3530 | D:4      | Found a sparkling altar of Nemelex Xobeh.
  3532 | D:4      | Found a glowing silver altar of Zin.
  3752 | D:5      | Entered Level 5 of the Dungeon
  3859 | D:5      | Found a staircase to the Ecumenical Temple.
  3874 | Temple   | Entered the Ecumenical Temple
  3899 | Temple   | Became a worshipper of Hepliaklqana the Forgotten
  3949 | D:5      | Found a glowing golden altar of the Shining One.
  3961 | D:5      | Your scales start taking on an icy white colour.
  3961 | D:5      | Reached XP level 7. HP: 51/52 MP: 7/7
  3961 | D:5      | Gained mutation: Your flesh is cold resistant. (rC+) [White
                  | Draconian growth]
  3964 | D:5      | Reached skill level 7 in Shapeshifting
  4006 | D:5      | Found a shimmering blue altar of Sif Muna.
  4179 | D:5      | Found a bloodstained altar of Trog.
  4254 | D:5      | Noticed Ijyb
  4263 | D:5      | Killed Ijyb
  4762 | D:5      | HP: 2/52 [orc priest/divine providence (14)]
  4922 | D:5      | Reached skill level 8 in Shapeshifting
  5068 | D:5      | Noticed Grinder
  5068 | D:5      | Paralysed by Grinder for 2 turns
  5078 | D:5      | Paralysed by Grinder for 3 turns
  5087 | D:5      | Paralysed by Grinder for 2 turns
  5091 | D:5      | Killed Grinder
  5092 | D:5      | Reached XP level 8. HP: 57/59 MP: 8/8
  5358 | D:6      | Found an ancient bone altar of Kikubaaqudgha.
  5381 | D:6      | Found the +9 staff of Olgreb {rPois∞}
  5385 | D:6      | Found a runed translucent door.
  5394 | D:6      | Found a runed translucent gate.
  5429 | D:6      | Found a runed translucent door.
  5448 | D:6      | Found a runed translucent gate.
  5448 | D:6      | Found a runed translucent gate.
  5716 | D:6      | Reached skill level 9 in Shapeshifting
  5779 | D:6      | Reached * piety under Hepliaklqana
  5877 | D:6      | Reached skill level 1 in Invocations
  5940 | D:6      | Found a sacrificial altar of Ru.
  6200 | D:7      | Slain by a lemure

Illustrated notes

Levels and vault maps discovered:
D:1:      psy_arrival_statuary, layout_basic
D:2:      layout_loops_ring, basic_altar, corexii_corridor_pit, moated_statue
D:3:      layout_loops_ring, mainiacjoe_overflow_paths,
          minmay_misc_feat_nine_boxes, guppyfry_early_lair_pool
D:4:      layout_layer_cave, amcnicky_altar_gilded,
          chequers_temple_overflow_minitemple, minmay_curled_crystal,
          chequers_jeans
D:5:      layout_basic, nzn_overflow_gifts_of_might_and_magic,
          lemuel_tele_altar, minmay_temple_entry_drinking_statues, uniq_grinder,
          uniq_ijyb
D:6:      layout_basic, hangedman_ru_absence, mainiacjoe_overflow_catwalk,
          minmay_guarded_unrand_staff_of_olgreb
D:7:      layout_loops_ring, enter_bailey_8, kennysheep_generic_room_2,
          uniq_menkaure, uniq_pikel
Temple:   nicolae_temple_stand_before_the_council

Skill      XL: |  1  2  3  4  5  6  7  8 |
---------------+-------------------------+-----
Shapeshifting  | 4 5 6 8 9 |  9.0
Dodging        | 2 |  2.3
Invocations    | 1 |  1.1
Unarmed Combat | 4 |  4.1
Fighting       | |  1.6

Action                     |  1- 3 |  4- 6 |  7- 9 || total
---------------------------+-------+-------+-------++-------
  Melee: Unarmed           |    99 |   100 |   155 ||   354
         Tailslap          |    12 |    20 |    15 ||    47
         Punch             |     3 |     5 |     4 ||    12
Ability: Breathe Frost     |       |       |     6 ||     6
    Use: Scroll            |       |     2 |     6 ||     8
         Potion            |       |       |     2 ||     2
   Stab: Sleeping          |       |     1 |       ||     1
 Armour: Skin              |    37 |    34 |    49 ||   120
  Dodge: Dodged            |    76 |    49 |    85 ||   210

Table legend: (Time is in decaauts)
 A = Elapsed time spent in this place.
 B = Non-inter-level travel time spent in this place.
 C = Inter-level travel time spent in this place.
 D = Time resting spent in this place.
 E = Time spent auto-exploring this place.
 F = Levels seen in this place.
 G = Mean time per level.
                   A        B        C        D        E       F      G
               +--------+--------+--------+--------+--------+-----+--------+
         Total |   6178 |   6033 |    145 |      0 |   5237 |   8 |  772.2 |
       Dungeon |   6127 |   5982 |    145 |      0 |   5237 |   7 |  875.3 |
        Temple |     50 |     50 |      0 |      0 |      0 |   1 |   50.0 |
               +--------+--------+--------+--------+--------+-----+--------+

Top non-repeatable levels by time:
     D:5: 1548 daAuts
     D:4: 1457 daAuts
     D:6: 822 daAuts
     D:2: 803 daAuts
     D:3: 790 daAuts
     D:1: 690 daAuts
  Temple: 50 daAuts
     D:7: 14 daAuts
